Map: Terraform LE (Void)

Players

마사 (MaSa) - Winner!

  • Race: Terran Terran
  • League: Platinum

Nerchio

  • Race: Zerg Zerg
  • League: Diamond

Event: ASL Season 5 Prime League LOTV Beta

VOD

Have the link to the VOD?

Description

Time

  • Played on: Sept. 9, 2015, 9:04 p.m.
  • Length: 5:11

All games in this series

Show
View Real Time Build Order
Export as new Build Order

마사 Terran - Winner!

Build Orders:  

Get SALT Encoding   

  12  0:00  SCV  
  13  0:12  SCV  
  14  0:18  Supply Depot  
  14  0:25  SCV  
  15  0:36  Refinery  
  15  0:44  Barracks  
  16  0:59  Barracks  
  16  1:03  SCV  
  16  1:15  SCV  
  17  1:23  Refinery  
  17  1:30  Reaper  
  18  1:34  Barracks  
  18  1:46  Reaper  
  19  1:52  Barracks  
  19  2:02  Reaper  
  20  2:15  Orbital Command  
  20  2:29  Reaper  
  21  2:35  Reaper x2  
  23  2:57  Reaper  
  23  3:15  Reaper x3  
  26  3:25  SCV  
  27  3:29  Reaper  
  27  3:32  Supply Depot  
  27  3:40  SCV  
  25  3:47  Reaper  
  25  3:48  Command Center, Reaper  
  27  3:50  Reaper  
  28  3:57  SCV  
  28  4:01  Reaper  
  30  4:09  SCV  
  31  4:21  SCV  
  31  4:23  Reaper x3  
  35  4:39  SCV  
  35  4:59  SCV  
Show
View Real Time Build Order
Export as new Build Order

Nerchio Zerg 

Build Orders: Hatch First 

Get SALT Encoding   

  12  0:01  Drone  
  13  0:13  Overlord  
  13  0:17  Drone  
  14  0:32  Drone  
  14  0:33  Drone  
  16  0:35  Drone  
  17  0:52  Hatchery  
  17  0:55  Drone  
  17  0:59  Extractor  
  17  1:01  Drone  
  17  1:14  Spawning Pool  
  17  1:17  Drone  
  17  1:20  Drone  
  18  1:29  Drone  
  19  1:39  Overlord  
  19  1:51  Drone  
  20  2:00  Queen  
  22  2:02  Metabolic Boost, Zergling x2  
  22  2:05  Queen  
  25  2:10  Drone  
  26  2:18  Zergling x2  
  26  2:24  Zergling x4  
  27  2:30  Zergling x2  
  26  2:40  Queen  
  27  2:45  Zergling x4  
  27  2:47  Zergling x2  
  27  2:48  Zergling x2  
  30  2:55  Zergling x2  
  29  3:09  Zergling x8  
  29  3:10  Zergling x2  
  33  3:24  Zergling x2  
  33  3:25  Zergling x4  
  29  3:34  Zergling x2  
  29  3:35  Zergling x6  
  30  3:43  Zergling x2  
  30  3:48  Drone x4  
  35  3:58  Drone  
  35  4:01  Overlord  
  36  4:12  Overlord  
  35  4:18  Zergling x2  
  35  4:20  Zergling x2  
  35  4:21  Zergling x2  
  35  4:22  Roach Warren  
  37  4:31  Zergling x6  
  36  4:32  Zergling x2  
  36  4:38  Zergling x4  
  35  4:40  Zergling x2  
  32  4:48  Zergling x6  
  32  4:51  Zergling x2  
Tags
 
Add a new tag
Caveats
  • Supply blocks, unpowered buildings, or Contaminate may cause inaccurate times.
  • Supply counts are checked every 10 seconds.